 Dungeon Crawl Stone Soup version 0.29.1-15-g9cfb28693d (webtiles) character file.

Game seed: 10239541679955498709

380 Farfigtubin the Chopper (level 6, 0/56 HPs)
             Began as a Hill Orc Fighter on Feb 28, 2023.
             Succumbed to a killer bee's poison
             ... on level 4 of the Dungeon.
             The game lasted 00:13:50 (1318 turns).

Farfigtubin the Chopper (Hill Orc Fighter)          Turns: 1318, Time: 00:13:50

Health: 0/56       AC: 10    Str: 21    XL:     6   Next: 75%
Magic:  6/6        EV:  9    Int:  8    God:
Gold:   117        SH:  5    Dex: 10    Spells: 5/5 levels left

rFire   + . .      SeeInvis .   a - +0 war axe
rCold   + . .      Faith    .   c - +0 buckler
rNeg    . . .      Spirit   .   b - +0 scale mail
rPois   +          Reflect  .   y - +2 helmet
rElec   +          Harm     .   (no cloak)
rCorr   +          Rampage  .   (no gloves)
Will    .....                   (no boots)
Stlth   ..........              (no amulet)
HPRegen 0.18/turn               (no ring)
MPRegen 0.10/turn               (no ring)

@: lethally poisoned (0 -> -1), resistant
A: no striking features
a: no special abilities


You were on level 4 of the Dungeon.
You visited 1 branch of the dungeon, and saw 4 of its levels.
You also visited: Sewer.

You collected 117 gold pieces.

Inventory:

Hand Weapons
 a - a +0 war axe (weapon)
 x - the +11 spear "Hafeeg" {holy, rElec rF- Will++}
   (You found it on level 4 of the Dungeon)

   It has been blessed by the Shining One to cause great damage to the undead
   and demons.
   rF:        It makes you vulnerable to fire.
   rElec:     It insulates you from electricity.
   Will:      It greatly increases your willpower.
Missiles
 m - 28 stones (quivered)
 o - 11 poisoned darts
 s - a curare-tipped dart
Armour
 b - a +0 scale mail (worn)
 c - a +0 buckler (worn)
 e - a +0 helmet
 y - a +2 helmet (worn)
Jewellery
 u - a ring of resist corrosion
Scrolls
 d - a scroll of poison {unknown}
 f - a scroll of amnesia {unknown}
 i - a scroll of enchant armour {unknown}
 j - 2 scrolls of identify {unknown}
 k - a scroll of immolation {unknown}
 n - a scroll of noise {unknown}
 v - 3 scrolls of teleportation {unknown}
Potions
 g - 2 potions of curing {unknown}
 h - a potion of degeneration {unknown}
 l - a potion of mutation {unknown}
 p - 5 potions of haste {unknown}
 q - a potion of might
 t - a potion of lignification {unknown}
 w - a potion of attraction {unknown}


   Skills:
 + Level 5.4 Fighting
 * Level 6.7 Axes
 - Level 3.2 Armour
 + Level 4.9 Shields


You had 5 spell levels left.
You didn't know any spells.
Your spell library was empty.

Dungeon Overview and Level Annotations

Branches:
Dungeon (4/15)              Sewer (visited)
 Temple: D:4-7

Altars:


Message History

You feel sick.
The killer bee stings you but does no damage.
You block the killer bee's attack.
The killer bee stings you but does no damage.
The killer bee stings you.
* * * LOW HITPOINT WARNING * * *
The adder bites you.
* * * LOW HITPOINT WARNING * * *
You block the killer bee's attack.
The killer bee stings you but does no damage.
The killer bee closely misses you.
The killer bee stings you but does no damage.
The adder closely misses you.
You miss the killer bee. You barely miss the killer bee. You slash the adder!
You kill the adder!
You closely miss the killer bee. You barely miss the killer bee.
You feel sick. The killer bee closely misses you.
You block the killer bee's attack. The killer bee stings you.
* * * LOW HITPOINT WARNING * * *
The killer bee barely misses you. The killer bee stings you.
* * * LOW HITPOINT WARNING * * *
The killer bee stings you.
* * * LOW HITPOINT WARNING * * *
The killer bee barely misses you. You block the killer bee's attack.
The killer bee closely misses you.
You barely miss the killer bee. You miss the killer bee.
You hit the killer bee but do no damage.
You closely miss the killer bee. You barely miss the killer bee.
* * * LOW HITPOINT WARNING * * *
You feel sick. The killer bee barely misses you. x2
The killer bee stings you but does no damage. x3
The killer bee barely misses you.
The killer bee stings you but does no damage. x2
The killer bee barely misses you. You block the killer bee's attack.
The killer bee barely misses you. x2; The killer bee closely misses you.
The killer bee barely misses you.
The killer bee stings you but does no damage.
You miss the killer bee. You closely miss the killer bee.
You miss the killer bee. You barely miss the killer bee. x2
You die...

.... #...y######### ... ....
#............. ....
.....#.y.......... ....###
.....#........... .......
................#### ......
........#..........# #...
........# #......# #...
..#.....#####......######...
#......yy@y..##........#..
###.....yyy..##...........
##...................#..
#.............##....#..
#.................^....
#.........###.##.##....
#.........# #.##.#.....
#.........# #....##....
....###.##.


You could see 6 killer bees.

Vanquished Creatures
  3 kobold brigands (Sewer)
  Robin (D:4)
  4 adders
  4 gnolls
  A worm (D:3)
  3 orcs (D:3)
  6 ball pythons
  6 bats
  6 endoplasms
  3 giant cockroaches (D:3)
  8 goblins (D:3)
  9 hobgoblins
  4 jackals (D:2)
  A quokka (D:3)
  2 frilled lizards (Sewer)
  13 kobolds
  7 rats
81 creatures vanquished.

Vanquished Creatures (others)
  A fungus (Sewer)
  6 plants (Sewer)
7 creatures vanquished.

Grand Total: 88 creatures vanquished

Notes
Turn   | Place    | Note
-------+----------+-------------------------------------------
     0 | D:1      | Farfigtubin the Hill Orc Fighter began the quest for the
                  | Orb.
     0 | D:1      | Reached XP level 1. HP: 19/19 MP: 1/1
    63 | D:1      | Reached skill level 3 in Axes
   149 | D:2      | Reached XP level 2. HP: 27/27 MP: 2/2
   260 | D:3      | Reached XP level 3. HP: 27/33 MP: 3/3
   266 | D:3      | Found a glowing drain.
   268 | D:3      | Reached skill level 4 in Axes
   286 | Sewer    | Entered a sewer
   518 | Sewer    | Noticed a kobold brigand
   569 | Sewer    | Killed a kobold brigand
   570 | Sewer    | Reached skill level 5 in Axes
   570 | Sewer    | Reached XP level 4. HP: 40/41 MP: 4/4
   570 | Sewer    | Reached XP level 5. HP: 46/47 MP: 5/5
   709 | Sewer    | Noticed a kobold brigand
   731 | Sewer    | Killed a kobold brigand
   780 | Sewer    | Noticed a kobold brigand
   786 | Sewer    | Killed a kobold brigand
   787 | Sewer    | Reached skill level 5 in Fighting
   787 | Sewer    | Reached skill level 6 in Axes
   787 | Sewer    | Reached XP level 6. HP: 50/56 MP: 6/6
  1055 | D:4      | Identified the +11 spear "Hafeeg" {holy, rElec rF- Will++}
  1065 | D:4      | Noticed Robin
  1194 | D:4      | Killed Robin
  1316 | D:4      | HP: 2/56 [killer bee (2)]
  1318 | D:4      | Succumbed to a killer bee's poison

Illustrated notes

Levels and vault maps discovered:
D:1:      dpeg_arrival_refuge, layout_basic, dreamdust_ecumenical_altar_statues
D:2:      layout_basic, kennysheep_generic_room_14
D:3:      layout_rooms, gup_sewer_entry_glass, nicolae_elevator_lobby_asterisk
D:4:      layout_basic, kennysheep_mini, mainiacjoe_overflow_surrounded_room,
          mainiacjoe_overflow_big_doors, gammafunk_ghost_smash,
          kennysheep_flooded_box, hex_intersection, uniq_robin

Skill      XL: |  1  2  3  4  5 |
---------------+----------------+-----
Axes           | 3 5 6 |  6.7
Fighting       | 4 5 |  5.4
Shields        | 4 |  4.9
Armour         | |  3.2

Action                   |  1- 3 |  4- 6 || total
-------------------------+-------+-------++-------
Melee: War axe           |    68 |   126 ||   194
Throw: Dart              |       |     6 ||     6
       Stone             |       |     2 ||     2
  Use: Potion            |     1 |     1 ||     2
Armor: Scale mail        |    44 |   101 ||   145
Dodge: Dodged            |    47 |    95 ||   142
Block: Buckler           |    21 |    53 ||    74
